 Dungeon Crawl Stone Soup version 0.20.0-10-g0535bb4 (webtiles) character file.

22629 mike2R the Basher (level 12, 0/105 HPs)
             Began as a Minotaur Berserker on June 4, 2017.
             Was a High Priest of Trog.
             Slain by an efreet
             ... wielding a +0 scimitar of flaming
              (2 damage)
             ... while paralysed
             ... on level 1 of the Abyss.
             The game lasted 01:20:42 (13386 turns).

mike2R the Basher (Minotaur Berserker)             Turns: 13386, Time: 01:20:43

Health: 0/105      AC: 24    Str: 25    XL:     12   Next: 64%
Magic:  0/5        EV:  2    Int:  0    God:    Trog [*****.]
Gold:   926        SH:  0    Dex: 12    Spells: 11/11 levels left

rFire    + . .     SeeInvis .   a - +1 great mace (antimagic)
rCold    + + .     Gourm    .   (shield currently unavailable)
rNeg     . . .     Faith    .   k - +0 gold dragon scales
rPois    +         Spirit   +   (helmet restricted)
rElec    +         Reflect  .   r - +1 cloak
rCorr    .         Harm     .   G - +0 pair of gloves
MR       +....                  h - +1 pair of boots
Stlth    ..........             E - amulet of guardian spirit
Regen    0.3/turn               C - ring of protection from magic
MPRegen  0.1/turn               S - ring of protection from cold

@: paralysed, berserk cooldown, slowed, lost intelligence
A: retaliatory headbutt, horns 2, [dopey 2], electricity resistance, sturdy
frame 1
a: Berserk, Trog's Hand, Brothers in Arms, Burn Spellbooks, Renounce Religion


You were on level 1 of the Abyss.
You worshipped Trog.
Trog was extremely pleased with you.
You were not hungry.

You visited 2 branches of the dungeon, and saw 14 of its levels.
You visited the Abyss 1 time.
You also visited: Sewer.

You collected 926 gold pieces.

Inventory:

Hand Weapons
 a - a +1 antimagic great mace (weapon)
 b - the +7 shortbow of Fuvvoo {flame, rPois MR+ Stlth+}
   (You found it on level 9 of the Dungeon)

   It causes projectiles fired from it to burn those they strike, causing extra
   injury to most foes and up to half again as much damage against particularly
   susceptible opponents.
   It protects you from poison.
   It affects your resistance to hostile enchantments.
   It makes you more stealthy.
 s - a +2 flail
Missiles
 m - 107 arrows
 t - 5 javelins (quivered)
 y - 12 tomahawks
Armour
 h - a +1 pair of boots (worn)
 k - +0 gold dragon scales (worn)
 r - a +1 cloak (worn)
 G - a +0 pair of gloves (worn)
Jewellery
 C - a ring of protection from magic (left hand)
 E - an amulet of guardian spirit (around neck)
 L - an uncursed ring of protection from magic
 S - a ring of protection from cold (right hand)
Wands
 j - a wand of enslavement (17/24)
 l - a wand of lightning (5/15)
 w - a wand of paralysis (17/24)
 B - a wand of lightning (10/15)
 F - a wand of iceblast (5/15)
 K - a wand of confusion (24/48)
 M - a wand of random effects (6/48)
 Y - a wand of paralysis (12/24)
Scrolls
 d - a scroll of fog
 i - a scroll of torment {unknown}
 p - 4 scrolls of teleportation
 u - a scroll of recharging
 x - a scroll of blinking {unknown}
 z - a scroll of immolation {unknown}
 I - a scroll of noise {unknown}
 J - a scroll of identify
 O - a scroll of holy word {unknown}
 P - 3 scrolls of fear
 R - a scroll of remove curse
Potions
 e - a potion of haste {unknown}
 f - a potion of cancellation
 n - a potion of heal wounds
 o - 2 potions of invisibility {unknown}
 q - 5 potions of curing
 A - 3 potions of lignification
 D - a potion of might
 H - 2 potions of flight
 N - a potion of magic
 T - a potion of brilliance {unknown}
Books
 U - a book of Debilitation

   Spells                             Type                      Level
   a - Corona                         Hexes                        1
   b - Slow                           Hexes                        2
   c - Inner Flame                    Hexes/Fire                   3
   d - Portal Projectile              Hexes/Translocation          3
   e - Cause Fear                     Hexes                        4
   f - Leda's Liquefaction            Hexes/Earth                  4
   Trog disapproves of the use of such an item.
Comestibles
 c - 6 bread rations
 g - 4 meat rations
 v - 11 royal jellies
 X - 4 fruits


   Skills:
 - Level 9.5 Fighting
 - Level 14.5 Maces & Flails
 - Level 11.0 Bows
 - Level 11.6 Armour
 - Level 2.9 Dodging
 + Level 6.7 Evocations


You had 11 spell levels left.
You didn't know any spells.

Dungeon Overview and Level Annotations

Branches:
Dungeon (11/15)            Temple (0/1) D:7            Lair (3/6) D:11
  Swamp: Lair:2-4    Shoals: Lair:2-4     Snake: Lair:2-4    Spider: Lair:2-4
    Orc: D:9-12

Altars:
Hepliaklqana
Okawaru
Sif Muna
Xom
The Shining One

Annotations:
Lair:3 Sonja


Innate Abilities, Weirdness & Mutations

You reflexively headbutt those who attack you in melee.
You have a pair of horns on your head.
You are resistant to electric shocks. (rElec)
Your movements are slightly less encumbered by armour. (ER -2)
[You are very dopey. (Int -4)]


Message History

The orb of energy hits your ogre. The efreet gestures at you.
The bolt of fire misses you.
You feel much better.
Your ogre barely misses the wretched star.
Your ogre closely misses the wretched star.
A chorus of shrieks assaults your mind.
* * * LOW HITPOINT WARNING * * *
You hit the starcursed mass but do no damage.
Your ogre barely misses the wretched star.
A chorus of shrieks assaults your mind.
* * * LOW HITPOINT WARNING * * *
The wretched star pulses with an eldritch light!
You feel stupid. x2
You have lost your intelligence.
Your ogre twists and deforms.
The efreet hits you with a scimitar of flaming!
* * * LOW HITPOINT WARNING * * *
The efreet burns you.
You die...

# # ## #. # #
#. #. .#.
..##..####*.#
..((..#..O#
((.#(#....#
..#.#(#.#
...#(@##
......R#X.# #
......§##.#.#
#
....X#§......
......#XX#.#..
..
###.....####
#.. #
...#.(... . .
#...( # .
..#R. .


You could see 2 starcursed masses, a wretched star, an efreet and a friendly
ogre (berserk).

Vanquished Creatures
  A black draconian (Abyss:1)
  3 hydras
  2 two-headed ogres (D:8)
  Nergalle (Lair:1)
  2 deep elf knights (D:11)
  A wretched star (Abyss:1)
  2 ugly things (D:11)
  A manticore (D:11)
  A black mamba (Lair:1)
  The ghost of anfisbena the Slasher, a novice VSFi (D:5)
  A smoke demon (Abyss:1)
  4 spiny frogs
  3 kobold demonologists (D:11)
  A komodo dragon (Lair:2)
  7 starcursed masses (Abyss:1)
  3 blink frogs (Lair:2)
  A slime creature (D:9)
  2 large abominations (Abyss:1)
  A wraith (D:11)
  15 yaks
  A basilisk (Lair:1)
  A ynoxinul (Abyss:1)
  A hungry ghost (D:7)
  A soldier ant (D:11)
  3 water moccasins
  A porcupine (Lair:1)
  5 orc warriors
  2 phantoms
  2 sky beasts
  An ice beast (D:10)
  The ghost of Amianthus the Skirmisher, an amateur DsFi (D:3)
  3 centaurs
  5 ogres
  3 crocodiles
  3 big kobolds
  9 bullfrogs
  2 scorpions
  21 killer bees
  A vampire bat (Lair:2)
  4 wights (D:10)
  6 howler monkeys
  6 crimson imps
  8 orc priests
  8 jellies
  2 quasits
  A centaur skeleton (D:9)
  3 hounds
  5 iguanas
  A bullfrog skeleton (D:9)
  8 orc wizards
  3 worker ants
  A hound zombie (D:6)
  A hound skeleton (D:8)
  7 gnolls
  15 adders
  9 river rats (D:5)
  2 shadow imps
  19 oozes
  3 adder skeletons
  4 worms
  2 dart slugs
  4 leopard geckos
  32 orcs
  14 bats
  8 giant cockroaches
  7 goblins
  10 hobgoblins
  29 jackals
  2 quokkas
  4 ball pythons
  5 frilled lizards
  16 kobolds
  A quokka skeleton (D:7)
  23 rats
  A fungus (D:2)
393 creatures vanquished.

Vanquished Creatures (collateral kills)
  An oklob plant (Lair:1)
  A komodo dragon (Lair:1)
  A queen bee (Lair:1)
  A troll (D:9)
  3 starcursed masses (Abyss:1)
  Duvessa (D:7)
  Dowan (D:7)
  7 killer bees (Lair:1)
  An orc priest (D:7)
  An orc (D:7)
18 creatures vanquished.

Vanquished Creatures (others)
  A scorpion (D:4)
  2 worker ants (D:4)
  An adder (D:4)
  2 orcs (D:4)
  A giant cockroach (D:4)
  4 fungi (D:9)
11 creatures vanquished.

Grand Total: 422 creatures vanquished

Notes
Turn   | Place    | Note
-------+----------+-------------------------------------------
     0 | D:1      | mike2R the Minotaur Berserker began the quest for the Orb.
     0 | D:1      | Reached XP level 1. HP: 19/19 MP: 0/0
   220 | D:1      | Reached skill level 4 in Maces & Flails
   222 | D:1      | Reached XP level 2. HP: 22/27 MP: 1/1
   605 | D:1      | Reached ** piety under Trog
   856 | D:2      | Reached XP level 3. HP: 33/33 MP: 2/2
  1566 | D:2      | Reached XP level 4. HP: 40/40 MP: 3/3
  2003 | D:3      | Reached skill level 5 in Maces & Flails
  2292 | D:3      | Reached *** piety under Trog
  2408 | D:3      | Reached XP level 5. HP: 46/46 MP: 4/4
  2572 | D:3      | Noticed Amianthus's ghost (amateur DsFi)
  2582 | D:3      | Killed Amianthus's ghost
  2582 | D:3      | Reached skill level 6 in Maces & Flails
  2621 | D:3      | Found an iron altar of Okawaru.
  2866 | D:4      | Reached skill level 7 in Maces & Flails
  2866 | D:4      | Reached XP level 6. HP: 52/52 MP: 5/5
  2947 | D:4      | Reached skill level 1 in Evocations
  3244 | D:4      | Reached XP level 7. HP: 59/59 MP: 8/8
  3475 | D:4      | Found a shimmering altar of Xom.
  3636 | D:5      | Entered Level 5 of the Dungeon
  3720 | D:5      | Noticed anfisbena's ghost (novice VSFi)
  3728 | D:5      | Killed anfisbena's ghost
  4058 | D:5      | Reached XP level 8. HP: 66/66 MP: 10/10
  4062 | D:5      | Reached **** piety under Trog
  4607 | D:6      | Found a glowing drain.
  4642 | Sewer    | Entered a sewer
  4808 | Sewer    | Found a white marble altar of Elyvilon.
  5013 | D:6      | Reached skill level 5 in Fighting
  5128 | D:6      | Reached skill level 8 in Maces & Flails
  5523 | D:6      | Found a deep blue altar of Sif Muna.
  5523 | D:6      | Found a glowing golden altar of the Shining One.
  5594 | D:7      | Noticed Dowan
  5595 | D:7      | Noticed Duvessa
  5605 | D:7      | Killed Dowan
  5607 | D:7      | Killed Duvessa
  5607 | D:7      | Reached skill level 9 in Maces & Flails
  5647 | D:7      | Reached XP level 9. HP: 74/78 MP: 11/11
  5876 | D:7      | Found a staircase to the Ecumenical Temple.
  6062 | D:8      | Reached skill level 10 in Maces & Flails
  6080 | D:8      | Noticed a two-headed ogre
  6095 | D:8      | Killed a two-headed ogre
  6095 | D:8      | Reached skill level 11 in Maces & Flails
  6467 | D:8      | Noticed a two-headed ogre
  6477 | D:8      | Killed a two-headed ogre
  6477 | D:8      | Reached skill level 10 in Armour
  6711 | D:9      | Noticed a troll
  6718 | D:9      | Killed a troll
  6718 | D:9      | Reached XP level 10. HP: 84/84 MP: 12/12
  7188 | D:9      | Found a hazy altar of Hepliaklqana.
  7363 | D:9      | Got an encrusted shortbow
  7364 | D:9      | Identified the +7 shortbow of Fuvvoo {flame, rPois MR+ Stlth+} (You found it on level 9 of the Dungeon)
  7562 | D:9      | Reached skill level 1 in Bows
  7902 | D:10     | Entered Level 10 of the Dungeon
  8052 | D:10     | Reached ***** piety under Trog
  8170 | D:10     | Reached skill level 5 in Bows
  8394 | D:10     | Gained mutation: You expend magic power (3 MP) to strengthen your wands. [mutagenic meat]
  8395 | D:10     | Gained mutation: You have a somewhat thin skeletal structure. (Dex +2, Stealth) [mutagenic meat]
  8396 | D:10     | Gained mutation: [You are dopey. (Int -2)] [mutagenic meat]
  8397 | D:10     | Gained mutation: Your magical capacity is low. (-10% MP) [mutagenic meat]
  8398 | D:10     | Lost mutation: You expend magic power (3 MP) to strengthen your wands. [potion of mutation]
  8398 | D:10     | Lost mutation: [You are dopey. (Int -2)] [potion of mutation]
  8398 | D:10     | Lost mutation: Your magical capacity is low. (-10% MP) [potion of mutation]
  8398 | D:10     | Lost mutation: You have a somewhat thin skeletal structure. (Dex +2, Stealth) [potion of mutation]
  8398 | D:10     | Gained mutation: You are resistant to electric shocks. (rElec) [potion of mutation]
  8398 | D:10     | Gained mutation: Your movements are slightly less encumbered by armour. (ER -2) [potion of mutation]
  8843 | D:11     | Reached skill level 12 in Maces & Flails
  8911 | D:11     | Noticed a manticore
  8917 | D:11     | Killed a manticore
  8917 | D:11     | Reached XP level 11. HP: 91/91 MP: 13/13
  9030 | D:11     | Noticed a cyan ugly thing
  9036 | D:11     | Killed a cyan ugly thing
  9129 | D:11     | Noticed a cyan ugly thing
  9145 | D:11     | Killed a cyan ugly thing
  9327 | D:11     | Found a transporter.
  9339 | D:11     | Noticed a deep elf knight
  9349 | D:11     | Killed a deep elf knight
  9531 | D:11     | Noticed a deep elf knight
  9564 | D:11     | Reached skill level 13 in Maces & Flails
  9680 | D:11     | Killed a deep elf knight
  9749 | D:11     | Found a transporter.
  9842 | D:11     | Received a gift from Trog
  9950 | D:11     | Found a staircase to the Lair.
  9954 | D:11     | Noticed a four-headed hydra
  9968 | D:11     | Killed a four-headed hydra
 10286 | Lair:1   | Entered Level 1 of the Lair of Beasts
 10379 | Lair:1   | Noticed a seven-headed hydra
 10386 | Lair:1   | Killed a seven-headed hydra
 10386 | Lair:1   | Reached skill level 10 in Bows
 10431 | Lair:1   | Reached skill level 14 in Maces & Flails
 10707 | Lair:1   | Noticed an oklob plant
 11106 | Lair:1   | Received a gift from Trog
 11422 | Lair:1   | Reached XP level 12. HP: 80/97 MP: 14/14
 11706 | Lair:1   | Noticed Nergalle
 11710 | Lair:1   | Killed Nergalle
 11839 | Lair:1   | Noticed a four-headed hydra
 11845 | Lair:1   | Killed a four-headed hydra
 11910 | Lair:1   | Found a glowing golden altar of the Shining One.
 12457 | Lair:2   | Received a gift from Trog
 12989 | Lair:3   | Noticed Sonja
 13118 | Lair:3   | Cast into level 1 of the Abyss (Sonja)
 13177 | Abyss:1  | Found a corrupted altar of Lugonu.
 13215 | Abyss:1  | Noticed a black draconian
 13235 | Abyss:1  | Killed a black draconian
 13235 | Abyss:1  | Reached skill level 5 in Evocations
 13357 | Abyss:1  | Noticed a starcursed mass
 13363 | Abyss:1  | Paralysed by accursed screaming for 1 turns
 13364 | Abyss:1  | Noticed a starcursed mass
 13367 | Abyss:1  | Paralysed by accursed screaming for 1 turns
 13374 | Abyss:1  | Killed a starcursed mass
 13382 | Abyss:1  | HP: 4/105 [starcursed mass/accursed screaming (6)]
 13384 | Abyss:1  | HP: 1/105 [starcursed mass/accursed screaming (4)]
 13386 | Abyss:1  | Lost intelligence.
 13386 | Abyss:1  | Slain by an efreet

Skill      XL: |  1  2  3  4  5  6  7  8  9 10 11 12 |
---------------+-------------------------------------+-----
Maces & Flails | 4 5 7 9 11 12 14 | 14.5
Fighting       | 4 6 9 |  9.5
Armour         | 3 6 8 10 11 | 11.6
Evocations     | 3 4 6 |  6.7
Bows           | 7 10 11 | 11.0
Dodging        | |  2.9

Action                   |  1- 3 |  4- 6 |  7- 9 | 10-12 || total
-------------------------+-------+-------+-------+-------++-------
Melee: Mace              |    96 |   127 |       |       ||   223
       Headbutt          |     6 |    22 |    58 |    91 ||   177
       Flail             |       |    24 |   277 |   383 ||   684
       Great mace        |       |       |       |    47 ||    47
 Fire: Hunting sling     |     7 |     3 |     2 |       ||    12
       Shortbow          |       |       |    12 |   295 ||   307
Throw: Tomahawk          |       |       |     2 |     4 ||     6
Invok: Berserk           |     1 |     5 |     8 |     9 ||    23
       Trog's Hand       |     1 |     1 |     5 |     5 ||    12
       Brothers in Arms  |       |       |     3 |     4 ||     7
Evoke: Wand              |       |       |       |     3 ||     3
  Use: Scroll            |     2 |     2 |    13 |     4 ||    21
       Potion            |     1 |     1 |     2 |     5 ||     9
 Stab: Paralysed         |       |       |       |     1 ||     1
  Eat: Chunk             |     3 |    10 |    16 |    24 ||    53
       Royal jelly       |       |       |     1 |     2 ||     3
       Meat ration       |       |       |     1 |     1 ||     2
       Fruit             |       |       |       |     2 ||     2
       Bread ration      |       |       |       |     1 ||     1
Armor: Ring mail         |    33 |    51 |     2 |       ||    86
       Scale mail        |       |       |    52 |       ||    52
       Plate armour      |       |       |    49 |       ||    49
       Gold dragon scale |       |       |     8 |   325 ||   333
Dodge: Dodged            |    63 |   109 |   104 |   163 ||   439
